 Dungeon Crawl Stone Soup version 0.31-a0-152-g6aa68a64a1 (webtiles) character file.

Game seed: 15759552727828788404

1490 IdlyInterested the Cudgeller (level 8, -5/62 (64) HPs)
             Began as a Demonspawn Fighter on June 9, 2023.
             Slain by a wight
             ... wielding a +3 dire flail of freezing
              (6 damage)
             ... on level 6 of the Dungeon.
             The game lasted 00:14:08 (4925 turns).

IdlyInterested the Cudgeller (Demonspawn Fighter)   Turns: 4925, Time: 00:14:08

HP:   -5/62 (64)    AC:  6    Str: 19    XL:     8   Next: 51%
MP:   8/8           EV: 16    Int: 10    God:
Gold: 333           SH:  5    Dex: 12    Spells: 7/7 levels left

rFire   + . .        B - +0 morningstar
rCold   . . .        c - +0 buckler
rNeg    + . .        F - +2 leather armour {rF+}
rPois   .            (helmet restricted)
rElec   .            (no cloak)
rCorr   .            h - +0 pair of gloves
SInv    .            (no boots)
Will    .....        (no amulet)
Stlth   +            z - ring of positive energy
HPRegen 0.30/turn    C - +5 ring of evasion
MPRegen 0.11/turn

%: no passive effects
@: lightly drained
A: horns 2, demonic guardian 1, spiny 2
a: no special abilities


You were on level 6 of the Dungeon.
You visited 2 branches of the dungeon, and saw 7 of its levels.

You collected 333 gold pieces.

Inventory:

Hand Weapons
 a - a +1 flail
 B - a +0 morningstar (weapon)
Missiles
 e - 20 stones (quivered)
 j - 9 boomerangs
 k - 11 poisoned darts
 q - 2 throwing nets
 y - 2 javelins
Armour
 c - a +0 buckler (worn)
 h - a +0 pair of gloves (worn)
 w - a +0 plate armour
 F - a +2 leather armour of fire resistance (worn)
Magical Staves
 m - the staff of fire "Odali" {rElec rF+}
   (You found it on level 3 of the Dungeon)

   [staff of fire]

   Base accuracy: +5 Base damage: 5 Base attack delay: 1.2 This weapon's minimum
   attack delay (0.6) is reached at skill level 12.
   rF:        It protects you from fire.
   rElec:     It insulates you from electricity.
   It falls into the 'Staves' category.
   It is a one-handed weapon.
Jewellery
 z - a ring of positive energy (left hand)
 C - a +5 ring of evasion (right hand)
Wands
 u - a wand of digging (6)
 v - a wand of polymorph (10)
 A - a wand of mindburst (21)
Scrolls
 b - 3 scrolls of poison
 i - 2 scrolls of enchant armour
 l - 2 scrolls of vulnerability
 r - 2 scrolls of amnesia
 s - 2 scrolls of identify
 t - 2 scrolls of torment
 x - a scroll of butterflies
 E - a scroll of brand weapon {unknown}
Potions
 d - a potion of might
 f - a potion of lignification
 g - a potion of mutation
 n - a potion of invisibility
 o - a potion of curing
 p - a potion of heal wounds
 D - a potion of ambrosia


   Skills:
 + Level 6.3 Fighting
 * Level 7.1 Maces & Flails
 - Level 1.0 Throwing
 - Level 3.0 Armour
 - Level 1.0 Dodging
 - Level 1.0 Stealth
 + Level 4.5 Shields
 - Level 1.0 Evocations


You had 7 spell levels left.
You didn't know any spells.
Your spell library contained the following spells:

 Spells                   Type           Power      Damage    Failure   Level
 Kiss of Death            Conj/Necr      0%         2d5       50%         1
 Magic Dart               Conj           0%         1d3       50%         1
 Searing Ray              Conj           0%         2d4       63%         2
 Confusing Touch          Hex            0%         N/A       86%         3
 Dispel Undead            Necr           0%         3d6       99%         4
 Fulminant Prism          Conj/Hex       0%         3d5       99%         4
 Alistair's Intoxication  Tmut/Pois      0%         N/A       100%        5
 Borgnjor's Vile Clutch   Necr/Erth      0%         N/A       100%        5
 Eringya's Noxious Bog    Tmut/Pois      0%         N/A       100%        6


Dungeon Overview and Level Annotations

Branches:
Dungeon (6/15)             Temple (1/1) D:4

Altars:
Cheibriados
Fedhas
Hepliaklqana
Kikubaaqudgha
Okawaru
Qazlal
Ru
Sif Muna
Trog
Vehumet
Wu Jian
Xom
Yredelemnul


Innate Abilities, Weirdness & Mutations

You have a pair of horns on your head.
A weak demonic guardian rushes to your aid.
You are mostly covered in sharp spines.


Message History

Throw: 22 stones
Press: ? - help, Q - select action, (/) - cycle Shift-Dir - straight line, f - adder
Aim: an adder (42% to hit)
You throw a stone. The stone closely misses the adder.
F - a +2 leather armour of fire resistance Throw: 21 stones
Press: ? - help, Q - select action, (/) - cycle Shift-Dir - straight line, f/p - adder
Aim: an adder (42% to hit)
You throw a stone. The stone hits the adder.
The adder is lightly wounded.
The adder is struck by your spines. The adder bites you but does no damage.
You hit the adder. Your headbutt misses the adder.
The adder is severely wounded.
The adder is struck by your spines.
You kill the adder!
Unknown command.
You start removing your armour.
You continue taking off your +0 plate armour. x4
You finish taking off your +0 plate armour.
You start putting on your armour.
You continue putting on your +2 leather armour of fire resistance. x5
You finish putting on your +2 leather armour of fire resistance.
You feel resistant to fire.
A wight comes into view.
It is wielding a +3 dire flail of freezing.
The wight hits you with a +3 dire flail of freezing!
You partially resist.
You feel drained. The wight freezes you.
You closely miss the wight.
The wight hits you with a +3 dire flail of freezing!
The wight freezes you.
The wight hits you with a +3 dire flail of freezing!
* * * LOW HITPOINT WARNING * * *
A demonic guardian appears!
The wight freezes you.
* * * LOW HITPOINT WARNING * * *
You sock the wight!
The wight is heavily damaged.
Your ufetubus hits the wight but does no damage. x2
The wight hits you with a +3 dire flail of freezing!
* * * LOW HITPOINT WARNING * * *
The wight freezes you.
You die...

..## .....
..#.. .....
#.#.# #
#5#.#
#.#z#.#
#.#@#.####.#
#..#........
###.#.####..
#.#.# #.#.#
#.#.. #.###
#)# #)#


You could see a wight (ally target) and a friendly ufetubus (summoned).

Vanquished Creatures
  Grinder (D:4)
  2 orc warriors
  An ice beast (D:5)
  2 ogres (D:4)
  A centaur (D:6)
  A phantom (D:5)
  2 scorpions
  3 wights (D:6)
  5 hounds
  A jelly (D:4)
  8 gnolls (D:3)
  7 adders
  2 white imps
  3 worms
  4 dart slugs
  9 orcs
  6 ball pythons
  4 endoplasms
  6 giant cockroaches
  6 goblins
  4 hobgoblins
  2 kobolds
  2 quokkas (D:2)
  5 bats
  7 frilled lizards
  7 rats
101 creatures vanquished.

Vanquished Creatures (collateral kills)
  A goblin (D:1)
1 creature vanquished.

Grand Total: 102 creatures vanquished

Notes
Turn   | Place    | Note
-------+----------+-------------------------------------------
     0 | D:1      | IdlyInterested the Demonspawn Fighter began the quest for
                  | the Orb.
     0 | D:1      | Reached XP level 1. HP: 18/18 MP: 1/1
    61 | D:1      | Reached skill level 2 in Maces & Flails
    61 | D:1      | Reached skill level 1 in Dodging
    61 | D:1      | Gained mutation: A weak demonic guardian rushes to your
                  | aid. [demonic ancestry]
    61 | D:1      | Reached XP level 2. HP: 19/24 MP: 2/2
   456 | D:1      | Reached skill level 1 in Stealth
   738 | D:2      | Gained mutation: You are partially covered in sharp spines.
                  | [demonic ancestry]
   738 | D:2      | Reached XP level 3. HP: 29/29 MP: 3/3
  1178 | D:2      | Reached skill level 1 in Throwing
  1881 | D:3      | Found a faded altar of an unknown god.
  1904 | D:3      | Identified the staff of fire "Odali" {rElec rF+}
  1923 | D:3      | Gained mutation: You have a pair of small horns on your
                  | head. [demonic ancestry]
  1923 | D:3      | Reached XP level 4. HP: 36/36 MP: 4/4
  1955 | D:3      | Reached skill level 1 in Evocations
  2045 | D:3      | Reached skill level 3 in Maces & Flails
  2047 | D:3      | Gained mutation: You have a pair of horns on your head.
                  | [demonic ancestry]
  2047 | D:3      | Reached XP level 5. HP: 23/42 MP: 5/5
  2526 | D:4      | Found a staircase to the Ecumenical Temple.
  2529 | Temple   | Entered the Ecumenical Temple
  2902 | D:4      | Noticed an ogre
  2908 | D:4      | Killed an ogre
  2909 | D:4      | Reached skill level 4 in Maces & Flails
  2909 | D:4      | Reached XP level 6. HP: 40/49 MP: 6/6
  3026 | D:4      | Noticed Grinder
  3028 | D:4      | Found a basalt altar of Yredelemnul.
  3043 | D:4      | Killed Grinder
  3044 | D:4      | Reached skill level 5 in Fighting
  3044 | D:4      | Reached skill level 5 in Maces & Flails
  3044 | D:4      | Gained mutation: You are mostly covered in sharp spines.
                  | [demonic ancestry]
  3044 | D:4      | Reached XP level 7. HP: 19/56 MP: 7/7
  3659 | D:5      | Entered Level 5 of the Dungeon
  3878 | D:5      | Found a shimmering altar of Xom.
  3880 | D:5      | Found a snail-covered altar of Cheibriados.
  3882 | D:5      | Found a stormy altar of Qazlal.
  3882 | D:5      | Found a sacrificial altar of Ru.
  4005 | D:5      | Reached skill level 6 in Maces & Flails
  4059 | D:5      | Reached XP level 8. HP: 59/64 MP: 8/8
  4891 | D:6      | Reached skill level 7 in Maces & Flails
  4925 | D:6      | HP: 1/62 [wight/+3 dire flail of freezing (12)]
  4925 | D:6      | Slain by a wight

Illustrated notes

Levels and vault maps discovered:
D:1:      evilmike_arrival_crescent, layout_rooms, roderic_serpentine_path
D:2:      layout_basic, nicolae_figureground_pulse
D:3:      layout_rooms, basic_ecumenical_altar
D:4:      layout_basic, nicolae_overflow_crystal_walls,
          nicolae_tso_carved_into_rock, minmay_temple_entry_fiery, minivault_11,
          uniq_grinder
D:5:      layout_loops_cross, mainiacjoe_overflow_cross_hatched,
          grunt_temple_overflow_open
D:6:      layout_loops_ring, st_stairs_14, grunt_ministairs_4
Temple:   jpeg_temple_island

Skill      XL: |  1  2  3  4  5  6  7  8 |
---------------+-------------------------+-----
Maces & Flails | 2 3 4 5 6 7 |  7.1
Dodging        | 1 |  1.0
Stealth        | 1 |  1.0
Throwing       | 1 |  1.0
Evocations     | 1 |  1.0
Fighting       | 4 5 6 |  6.3
Armour         | 3 |  3.0
Shields        | 3 4 |  4.5

Action                     |  1- 3 |  4- 6 |  7- 9 || total
---------------------------+-------+-------+-------++-------
  Melee: Flail             |   109 |    56 |    56 ||   221
         Headbutt          |       |    10 |    14 ||    24
         Morningstar       |       |       |    14 ||    14
  Throw: Stone             |    22 |     1 |    17 ||    40
         Dart              |       |     2 |       ||     2
    Use: Scroll            |     7 |     4 |     3 ||    14
         Potion            |     2 |       |       ||     2
 Armour: Scale mail        |    47 |       |       ||    47
         Chain mail        |     5 |    33 |     5 ||    43
         Plate armour      |       |       |    27 ||    27
  Dodge: Dodged            |    37 |    21 |    13 ||    71
  Block: Buckler           |    25 |    17 |    24 ||    66

Table legend: (Time is in decaauts)
 A = Elapsed time spent in this place.
 B = Non-inter-level travel time spent in this place.
 C = Inter-level travel time spent in this place.
 D = Time resting spent in this place.
 E = Time spent auto-exploring this place.
 F = Levels seen in this place.
 G = Mean time per level.
                   A        B        C        D        E       F      G
               +--------+--------+--------+--------+--------+-----+--------+
         Total |   5038 |   4377 |    661 |    370 |   2826 |   7 |  719.7 |
       Dungeon |   4693 |   4063 |    630 |    370 |   2525 |   6 |  782.2 |
        Temple |    344 |    314 |     30 |      0 |    301 |   1 |  344.0 |
               +--------+--------+--------+--------+--------+-----+--------+

Top non-repeatable levels by time:
     D:4: 1004 daAuts
     D:2: 936 daAuts
     D:1: 872 daAuts
     D:3: 705 daAuts
     D:5: 692 daAuts
     D:6: 482 daAuts
  Temple: 344 daAuts
